 Dungeon Crawl Stone Soup version 0.20.1-1-g8b1a95d (webtiles) character file.

100 Peloso the Covered (level 4, -1/40 HPs)
             Began as a Minotaur Fighter on July 7, 2017.
             Was an Initiate of Okawaru.
             Slain by a hobgoblin
             ... wielding a +0 club
             ... led by Robin
              (2 damage)
             ... on level 3 of the Dungeon.
             The game lasted 00:02:57 (1655 turns).

Peloso the Covered (Minotaur Fighter)               Turns: 1655, Time: 00:02:58

Health: -1/40      AC:  7    Str: 21    XL:     4   Next: 46%
Magic:  3/3        EV:  7    Int:  5    God:    Okawaru [......]
Gold:   102        SH: 10    Dex: 16    Spells: 3/3 levels left

rFire    . . .     SeeInvis .   a - +0 long sword
rCold    . . .     Gourm    .   c - +0 shield
rNeg     . . .     Faith    .   b - +0 scale mail
rPois    .         Spirit   .   (helmet restricted)
rElec    .         Reflect  .   j - scarf {cloud immunity}
rCorr    .         Harm     .   (no gloves)
MR       .....                  (no boots)
Stlth    ..........             (no amulet)
Regen    0.2/turn               m - ring of loudness (curse)
MPRegen  0.1/turn               s - +6 ring of dexterity

@: no status effects
A: retaliatory headbutt, horns 2
a: Renounce Religion


You were on level 3 of the Dungeon.
You worshipped Okawaru.
Okawaru was noncommittal.
You were near starving.

You visited 1 branch of the dungeon, and saw 3 of its levels.

You collected 102 gold pieces.

Inventory:

Hand Weapons
 a - a +0 long sword (weapon)
Armour
 b - a +0 scale mail (worn)
 c - a +0 shield (worn)
 j - a scarf of cloud immunity (worn)
Jewellery
 m - a cursed ring of loudness (left hand)
 r - a cursed -4 ring of intelligence {unknown}
 s - a +6 ring of dexterity (right hand)
 x - an uncursed ring of resist corrosion {unknown}
Scrolls
 e - 3 scrolls of teleportation {unknown}
 g - 2 scrolls of remove curse {unknown}
 k - 4 scrolls of identify {unknown}
 o - a scroll of amnesia {unknown}
 q - a scroll of noise {unknown}
 u - a scroll of fog {unknown}
 v - a scroll of recharging {unknown}
Potions
 d - a potion of might
 l - a potion of ambrosia {unknown}
 n - a potion of heal wounds {unknown}
 p - a potion of resistance {unknown}
 t - a potion of curing {unknown}
 w - a potion of berserk rage {unknown}
 z - a potion of degeneration {unknown}
Comestibles
 f - 2 bread rations
 h - 5 meat rations
 i - a royal jelly


   Skills:
 + Level 4.1 Fighting
 + Level 3.5 Long Blades
 + Level 4.6 Armour
 + Level 0.4 Dodging
 + Level 4.4 Shields


You had 3 spell levels left.
You didn't know any spells.

Dungeon Overview and Level Annotations

Branches:
Dungeon (3/15)

Altars:
Okawaru
Yredelemnul

Annotations:
D:3 Robin


Innate Abilities, Weirdness & Mutations

You reflexively headbutt those who attack you in melee.
You have a pair of horns on your head.


Message History

You are near starving!
The goblin hits you.
* * * LOW HITPOINT WARNING * * *
The hobgoblin hits you but does no damage.
The goblin hits you with a club.
* * * LOW HITPOINT WARNING * * *
You block the hobgoblin's attack. The goblin hits you with a club.
* * * LOW HITPOINT WARNING * * *
The goblin closely misses you. You furiously retaliate!
You headbutt the goblin.
You kill the goblin!
Okawaru accepts your kill. You block the hobgoblin's attack.
You block the goblin's attack.
You hit the goblin.
You kill the goblin!
Okawaru accepts your kill. The goblin hits you with a club.
* * * LOW HITPOINT WARNING * * *
You block the goblin's attack. The hobgoblin hits you with a club.
You die...

.. ... ...###
......######
...g..(....####
...l.......[..#
......g.g..#
......ggg# #####
......gg@###.....
.......gg†...#
....[.....<###
......?...........
.........#......##
..................
...............#..
........#........
......####...#..


You could see Robin, a gnoll, 3 hobgoblins, 5 goblins and a frilled lizard.

Vanquished Creatures
  An adder (D:2)
  A worm (D:2)
  6 dart slugs
  5 leopard geckos
  A giant cockroach (D:1)
  16 goblins
  6 hobgoblins
  2 jackals (D:2)
  4 kobolds
  A quokka (D:2)
  11 bats
  5 frilled lizards
  7 rats
66 creatures vanquished.

Notes
Turn   | Place    | Note
-------+----------+-------------------------------------------
     0 | D:1      | Peloso the Minotaur Fighter began the quest for the Orb.
     0 | D:1      | Reached XP level 1. HP: 19/19 MP: 0/0
    70 | D:1      | Reached XP level 2. HP: 27/27 MP: 1/1
   233 | D:1      | Reached XP level 3. HP: 32/33 MP: 2/2
   945 | D:2      | Reached XP level 4. HP: 37/40 MP: 3/3
  1510 | D:2      | Found an iron altar of Okawaru.
  1510 | D:2      | Found a basalt altar of Yredelemnul.
  1521 | D:2      | Became a worshipper of Warmaster Okawaru
  1646 | D:3      | Noticed Robin
  1654 | D:3      | HP: 2/40 [goblin/club[Robin] (1)]
  1655 | D:3      | Slain by a hobgoblin

Skill      XL: |  1  2  3 |
---------------+----------+-----
Armour         | 4 |  4.6
Shields        | 4 |  4.4
Long Blades    | 3 |  3.5
Fighting       | 4 |  4.1
Dodging        | |  0.4

Action                   |  1- 3 |  4- 6 || total
-------------------------+-------+-------++-------
Melee: Long sword        |    79 |    43 ||   122
       Headbutt          |    10 |     8 ||    18
  Eat: Chunk             |       |     1 ||     1
Armor: Scale mail        |    48 |    31 ||    79
Dodge: Dodged            |    33 |    18 ||    51
Block: Shield            |    64 |    42 ||   106
       Rpst.: Long sword |     5 |     5 ||    10
